 Dungeon Crawl Stone Soup version 0.30.1-11-g7821555f0a (webtiles) character file.

Game seed: 11466628190293010572

18335 lonewolfV2 the Nimble (level 12, -11/166 HPs)
             Began as a Minotaur Fighter on Nov 10, 2023.
             Mangled by a death yak (18 damage)
             ... on level 5 of the Lair of Beasts.
             The game lasted 00:17:06 (10581 turns).

lonewolfV2 the Nimble (Minotaur Fighter)           Turns: 10581, Time: 00:17:07

Health: -11/166    AC: 26    Str: 18    XL:     12   Next: 26%
Magic:  11/11      EV:  2    Int:  5    God:
Gold:   1035       SH:  5    Dex: 15    Spells: 11/11 levels left

rFire   . . .        q - +7 whip of the Dark Horse {drain, rElec Will++ Str-3 SInv}
rCold   . . .        c - +0 buckler
rNeg    + . .        H - melded +0 plate armour
rPois   +            G - melded +2 hat
rElec   +            z - melded +1 cloak
rCorr   .            D - melded +1 pair of gloves
SInv    +            (boots currently unavailable)
Will    ++...        k - amulet of regeneration
Stlth   +            h - +4 ring of slaying
HPRegen 1.27/turn    i - ring of positive energy
MPRegen 0.12/turn

%: no passive effects
@: tree-form
A: stationary, stasis, torment immunity, boosted hp, (horns 2), (retaliatory
headbutt)
a: no special abilities


You were on level 5 of the Lair of Beasts.
You were a tree.
You visited 3 branches of the dungeon, and saw 15 of its levels.
You also visited: Sewer.

You collected 1035 gold pieces.

Inventory:

Hand Weapons
 a - a +0 war axe of freezing
 q - the +7 whip of the Dark Horse (weapon) {drain, rElec Will++ Str-3 SInv}
   (You took it off an orc priest on level 4 of the Dungeon)

   Str:       It affects your strength (-3).
   rElec:     It insulates you from electricity.
   SInv:      It lets you see invisible.
   Will:      It greatly increases your willpower.
Armour
 c - a +0 buckler (worn)
 z - a +1 cloak (melded)
 D - a +1 pair of gloves (melded)
 G - a +2 hat (melded)
 H - a +0 plate armour (melded)
Jewellery
 h - a +4 ring of slaying (left branch)
 i - a ring of positive energy (right branch)
 k - an amulet of regeneration (around neck)
 A - a ring of fire
 E - an amulet of guardian spirit
 K - a +4 ring of protection
Wands
 g - a wand of roots (7)
 l - a wand of light (11)
 n - a wand of charming (28)
 w - a wand of polymorph (6)
 F - a wand of digging (6)
 I - a wand of flame (13)
Scrolls
 b - 2 scrolls of amnesia
 j - 6 scrolls of fog
 t - 2 scrolls of enchant weapon
 v - 6 scrolls of identify
 y - 4 scrolls of teleportation
 B - 2 scrolls of butterflies
 J - 2 scrolls of fear
 M - a scroll of magic mapping
Potions
 f - 5 potions of mutation
 o - a potion of haste
 p - 3 potions of degeneration
 r - 2 potions of attraction
 s - 4 potions of flight
 u - 2 potions of magic
 L - a potion of brilliance {unknown}


   Skills:
 + Level 11.7 Fighting
 - Level 5.0(9.0) Axes
 + Level 11.5(12.0) Maces & Flails
 + Level 11.8 Armour
 * Level 12.1 Dodging
 - Level 5.7 Shields


You had 11 spell levels left.
You didn't know any spells.
Your spell library contained the following spells:

 Spells                   Type           Power      Damage    Failure   Level
 Beastly Appendage        Tmut           0%         N/A       54%         1
 Freeze                   Ice            0%         1d3       54%         1
 Cigotuvi's Dreadful Rot  Necr/Pois/Air  0%         N/A       69%         2
 Wereblood                Tmut           0%         N/A       69%         2
 Frozen Ramparts          Ice            0%         1d1       89%         3
 Gell's Gravitas          Tloc           0%         N/A       89%         3
 Hailstorm                Conj/Ice       0%         3d3       89%         3
 Ignite Poison            Fire/Tmut/Pois 0%         N/A       89%         3
 Spider Form              Tmut/Pois      0%         N/A       89%         3
 Teleport Other           Tloc           0%         N/A       89%         3
 Fireball                 Conj/Fire      0%         3d3       100%        5
 Freezing Cloud           Conj/Ice/Air   0%         6-21      100%        5
 Iskenderun's Battlesphe  Conj           0%         2d6       100%        5
 Conjure Ball Lightning   Conj/Air       0%         3x3d6     100%        6
 Dispersal                Tloc           0%         N/A       100%        6
 Iron Shot                Conj/Erth      0%         9d1       100%        6
 Orb of Destruction       Conj           0%         9d5       100%        7
 Spellforged Servitor     Conj/Summ      0%         N/A       100%        7


Dungeon Overview and Level Annotations

Branches:
Dungeon (9/15)             Temple (1/1) D:4            Lair (5/5) D:9
  Swamp (0/4) Lair:3        Snake (0/4) Lair:3        Slime (0/5) Lair:4
  Sewer (visited)
    Orc: D:9-12

Altars:
Ashenzari
Cheibriados
Dithmenos
Elyvilon
Fedhas
Gozag
Hepliaklqana
Kikubaaqudgha
Makhleb
Nemelex Xobeh
Okawaru
Qazlal
Ru
Sif Muna
Trog
Uskayaw
Vehumet
Wu Jian
Xom
Yredelemnul
Zin
The Shining One
Jiyva

Shops:
D:4 *

Annotations:
D:7 1 runed translucent door
Lair:2 2 transporters
Lair:4 1 runed translucent door, exclusion: oklob plant


Innate Abilities, Weirdness & Mutations

You are a tree.
Your roots penetrate the ground, keeping you stationary.
You cannot be teleported.
You are immune to unholy pain and torment.
Your maximum health is greatly increased.
Your equipment is partially melded.
((You have a pair of horns on your head.))
((You reflexively headbutt those who attack you in melee.))


Message History

You bump into the rock wall.
The death yak gores you.
* * * LOW HITPOINT WARNING * * *
You feel better.
You feel less invigorated. You block the death yak's attack.
You feel better. You block the death yak's attack. The death yak gores you!!
* * * LOW HITPOINT WARNING * * *
Really quaff the potion of lignification?
You turn into a tree.
Your +1 cloak melds into your body.
Your +2 hat melds into your body.
Your +1 pair of gloves melds into your body.
Your +0 plate armour melds into your body.
Your roots penetrate the ground.
The death yak gores you but does no damage. x2
You feel better.
The death yak gores you but does no damage.
You block the death yak's attack.
You are confused.
You feel invigorated. The death yak gores you.
* * * LOW HITPOINT WARNING * * *
The death yak gores you!
* * * LOW HITPOINT WARNING * * *
Your magical effects are unravelling.
You feel magically purged.
You feel less wooden.
Your +1 cloak unmelds from your body.
Your +2 hat unmelds from your body.
Your +1 pair of gloves unmelds from your body.
Your +0 plate armour unmelds from your body.
You feel less invigorated.
You feel less confused.
You feel a little less mighty now. The death yak gores you!
* * * LOW HITPOINT WARNING * * *
The death yak completely misses you.
Really quaff the potion of lignification?
You turn into a tree.
Your +1 cloak melds into your body.
Your +2 hat melds into your body.
Your +1 pair of gloves melds into your body.
Your +0 plate armour melds into your body.
Your roots penetrate the ground.
The death yak gores you but does no damage.
The death yak gores you!!
You die...

.###.#...##...# .....
.##.#.#.####.### .#..##
##.....###[....###.$...#
#.###...#........$..#...
..........#.............
#...⌠.....#.⌠.†.....⌠...
+..............Y........
#...###.#.#...YY#Y......
##.....###....Y#♣#.....
.##..## ###+Y#### F#.# .
...# .Y.# ..# . .#..
..Y.. .. #⌠Y<.⌠. . #....
.P .#.


You could see 4 death yaks.

Vanquished Creatures
  2 hydras
  A boulder beetle (Lair:1)
  Amaemon (D:8)
  2 black mambas
  An orange demon (D:8)
  4 cane toads
  4 rime drakes
  6 komodo dragons
  A hornet (Lair:3)
  Grinder (D:6)
  12 blink frogs
  3 polar bears
  12 yaks
  4 wyverns
  A basilisk (Lair:2)
  A steam dragon (D:8)
  3 nagas (Lair:3)
  13 water moccasins
  3 black bears
  2 sky beasts
  2 orc warriors
  7 wolves
  A centaur (D:7)
  The ghost of KittyFluff the Cudgeller, an amateur GrBe of Trog (D:3)
  7 bullfrogs
  A gnoll sergeant (D:6)
  3 kobold brigands
  A scorpion (D:6)
  5 wights (D:7)
  4 killer bees (D:9)
  6 electric eels
  3 hounds
  A jelly (D:8)
  3 orc priests
  A gnoll bouda (D:9)
  An iguana (D:4)
  7 orc wizards
  16 gnolls
  11 adders
  6 river rats
  A shadow imp (D:8)
  2 white imps
  6 worms
  A dart slug (D:1)
  21 orcs
  14 ball pythons
  8 endoplasms
  8 giant cockroaches
  13 goblins
  6 hobgoblins
  A jackal (Sewer)
  9 kobolds
  4 quokkas
  9 bats
  5 frilled lizards
  A hobgoblin zombie (D:9)
  A kobold skeleton (D:7)
  An orc skeleton (D:9)
  2 orc zombies (D:9)
  7 rats
284 creatures vanquished.

Vanquished Creatures (others)
  5 dream sheep (D:3)
  A kobold (D:7)
6 creatures vanquished.

Grand Total: 290 creatures vanquished

Notes
Turn   | Place    | Note
-------+----------+-------------------------------------------
     0 | D:1      | lonewolfV2 the Minotaur Fighter began the quest for the
                  | Orb.
     0 | D:1      | Reached XP level 1. HP: 19/19 MP: 0/0
   233 | D:1      | Reached XP level 2. HP: 27/27 MP: 1/1
   694 | D:2      | Reached XP level 3. HP: 33/33 MP: 2/2
   756 | D:2      | Found a white marble altar of Elyvilon.
   997 | D:2      | Reached XP level 4. HP: 41/41 MP: 3/3
  1180 | D:3      | Found a runed translucent gate.
  1180 | D:3      | Found a runed translucent gate.
  1180 | D:3      | Noticed KittyFluff's ghost (amateur GrBe)
  1232 | D:3      | Found a runed translucent gate.
  1381 | D:3      | Noticed a dream sheep
  1381 | D:3      | Noticed a dream sheep
  1381 | D:3      | Noticed a dream sheep
  1381 | D:3      | Noticed a dream sheep
  1381 | D:3      | Noticed a dream sheep
  1381 | D:3      | Found a shimmering altar of Xom.
  1385 | D:3      | Killed a dream sheep
  1385 | D:3      | Killed a dream sheep
  1385 | D:3      | Killed a dream sheep
  1385 | D:3      | Killed a dream sheep
  1387 | D:3      | Killed a dream sheep
  1495 | D:3      | Reached XP level 5. HP: 47/47 MP: 4/4
  1557 | D:3      | Found a sacrificial altar of Ru.
  1756 | D:3      | Found a shimmering blue altar of Sif Muna.
  1756 | D:3      | Found a faded altar of an unknown god.
  1765 | D:3      | Found an iron altar of Okawaru.
  1772 | D:3      | Found a white marble altar of Elyvilon.
  1774 | D:3      | Found an opulent altar of Gozag.
  1939 | D:3      | Killed KittyFluff's ghost
  1940 | D:3      | Reached skill level 5 in Fighting
  1940 | D:3      | Reached skill level 5 in Armour
  1940 | D:3      | Reached skill level 5 in Shields
  2042 | D:4      | Noticed an orc warrior
  2048 | D:4      | Killed an orc warrior
  2049 | D:4      | Reached XP level 6. HP: 24/56 MP: 5/5
  2352 | D:4      | Identified the +7 whip of the Dark Horse {drain, rElec
                  | Will++ Str-3 SInv}
  2363 | D:4      | Reached skill level 5 in Axes
  2390 | D:4      | Found a hide-covered altar of Uskayaw.
  2467 | D:4      | Found a sparkling altar of Nemelex Xobeh.
  2644 | D:4      | Found a staircase to the Ecumenical Temple.
  2664 | D:4      | Reached XP level 7. HP: 57/57 MP: 6/6
  2678 | Temple   | Entered the Ecumenical Temple
  3040 | D:5      | Entered Level 5 of the Dungeon
  3128 | D:4      | Found Kuisebeupt's General Store.
  3372 | D:5      | Reached skill level 1 in Maces & Flails
  3389 | D:5      | Found a glowing drain.
  3407 | Sewer    | Entered a sewer
  3596 | Sewer    | Reached skill level 1 in Dodging
  4220 | D:6      | Reached skill level 2 in Dodging
  4253 | D:6      | Noticed Grinder
  4262 | D:6      | Killed Grinder
  4263 | D:6      | Reached XP level 8. HP: 63/71 MP: 7/7
  4284 | D:6      | Reached skill level 3 in Dodging
  4335 | D:6      | You fall into a shaft and drop 1 floor!
  4790 | D:6      | Found a broken altar of Ashenzari.
  4885 | D:7      | Reached skill level 4 in Dodging
  4991 | D:7      | Reached skill level 5 in Maces & Flails
  5068 | D:7      | Reached skill level 5 in Dodging
  5194 | D:7      | Found a runed translucent door.
  5200 | D:7      | Found a basalt altar of Yredelemnul.
  5366 | D:8      | Reached XP level 9. HP: 79/79 MP: 8/8
  5495 | D:8      | Reached skill level 6 in Dodging
  5764 | D:8      | Found a flagged portal.
  5974 | D:8      | Noticed Amaemon
  5976 | D:8      | Noticed an orange demon
  6001 | D:8      | Killed Amaemon
  6003 | D:8      | Found a glowing golden altar of the Shining One.
  6007 | D:8      | Killed an orange demon
  6008 | D:8      | Reached skill level 7 in Dodging
  6354 | D:9      | Found a staircase to the Lair.
  6396 | D:9      | Reached XP level 10. HP: 63/90 MP: 9/9
  6427 | Lair:1   | Entered Level 1 of the Lair of Beasts
  6510 | Lair:1   | Noticed a cane toad
  6515 | Lair:1   | Killed a cane toad
  6548 | Lair:1   | Noticed a cane toad
  6556 | Lair:1   | Killed a cane toad
  6557 | Lair:1   | Reached skill level 8 in Dodging
  6870 | Lair:1   | Noticed a boulder beetle
  6901 | Lair:1   | Killed a boulder beetle
  7314 | Lair:2   | Found a transporter.
  7347 | Lair:2   | Noticed a cane toad
  7354 | Lair:2   | Noticed a seven-headed hydra
  7355 | Lair:2   | Killed a cane toad
  7363 | Lair:2   | Killed a seven-headed hydra
  7364 | Lair:2   | Reached skill level 10 in Fighting
  7364 | Lair:2   | Reached skill level 10 in Armour
  7364 | Lair:2   | Reached skill level 9 in Dodging
  7489 | Lair:2   | Reached XP level 11. HP: 99/99 MP: 10/10
  7507 | Lair:2   | Reached skill level 10 in Maces & Flails
  7706 | Lair:2   | Found a transporter.
  7709 | Lair:2   | Noticed a swamp dragon
  7709 | Lair:2   | Noticed a swamp dragon
  7711 | Lair:2   | Noticed a swamp dragon
  8207 | Lair:3   | Reached skill level 10 in Dodging
  8561 | Lair:3   | Found a staircase to the Snake Pit.
  8812 | Lair:3   | Found a staircase to the Swamp.
  9119 | Lair:3   | You fall into a shaft and drop 2 floors!
  9119 | Lair:5   | Entered Level 5 of the Lair of Beasts
  9119 | Lair:5   | Found a radiant altar of Vehumet.
  9152 | Lair:4   | Reached skill level 11 in Dodging
  9180 | Lair:4   | Noticed an oklob plant
  9431 | Lair:4   | Noticed a five-headed hydra
  9445 | Lair:4   | Killed a five-headed hydra
  9446 | Lair:4   | Reached XP level 12. HP: 77/110 MP: 11/11
 10269 | Lair:4   | Found a runed translucent door.
 10270 | Lair:4   | Found a viscous altar of Jiyva.
 10270 | Lair:4   | Found a staircase to the Slime Pits.
 10270 | Lair:4   | Noticed an acid blob
 10270 | Lair:4   | Noticed an acid blob
 10270 | Lair:4   | Noticed an acid blob
 10502 | Lair:5   | Reached skill level 12 in Dodging
 10545 | Lair:5   | Noticed a death yak
 10547 | Lair:5   | Noticed a death yak
 10549 | Lair:5   | Noticed a death yak
 10549 | Lair:5   | Noticed a death yak
 10550 | Lair:5   | Noticed a death yak
 10553 | Lair:5   | Noticed a death yak
 10580 | Lair:5   | HP: 4/111 [death yak (13)]
 10581 | Lair:5   | Mangled by a death yak

Illustrated notes

Levels and vault maps discovered:
D:1:      shiori_arrival_maze, layout_basic, minmay_misc_feat_columns
D:2:      layout_basic, basic_altar, minmay_misc_feat_four_crosses
D:3:      layout_loops_cross, kb_xom_exploding_sheep,
          chequers_temple_overflow_minitemple, nicolae_ru_the_path_less_chosen,
          gammafunk_ghost_split, chequers_serial_rivers_micro_d,
          cheibrodos_gnoll_hut
D:4:      layout_basic, eat_drink_and_be_merry_uskayaw, old_standard_altar,
          minmay_temple_entry_antechambers, serial_shops,
          nicolae_shop_real_fake_doors
D:5:      layout_cave_pools, portal_sewer_entry_b
D:6:      layout_rooms, mainiacjoe_overflow_chevrons, uniq_grinder
D:7:      layout_rooms, dk_yredelemnul_ordeal
D:8:      layout_loops_ring, lemuel_coloured_pillars_altar, enter_bailey_5,
          uniq_amaemon
D:9:      layout_loops_cross, lair_entry_dummy, zombieorc2_lemuel, fountainhead,
          st_stairs_5, minmay_nine_imps
Temple:   jpeg_temple_clearing
Lair:1:   layout_regular_city, gammafunk_lair_bear_cave
Lair:2:   gammafunk_cloud_chamber, layout_misc_corridors, grunt_megastairs_2
Lair:3:   layout_cave_shapes, minmay_swamp_entry_worms,
          guppyfry_snake_entry_island, serial_bayou_lake_a
Lair:4:   layout_gridlike, slime_entry_2, st_stairs_9, columned_hall_lemuel
Lair:5:   minmay_lair_end_enchanted_forest, layout_misc_corridors, basic_altar,
          grunt_megastairs_1

Skill      XL: |  1  2  3  4  5  6  7  8  9 10 11 12 |
---------------+-------------------------------------+-----
Fighting       | 4 5 6 7 8 10 11 | 11.7
Armour         | 4 5 6 7 8 10 11 | 11.8
Shields        | 4 5 |  5.7
Axes           | 3 4 5 |  5.0
Maces & Flails | 3 6 8 9 11 | 11.5
Dodging        | 2 5 7 9 11 12 | 12.1

Action                     |  1- 3 |  4- 6 |  7- 9 | 10-12 || total
---------------------------+-------+-------+-------+-------++-------
  Melee: War axe           |    71 |    80 |       |       ||   151
         Headbutt          |     6 |    14 |    54 |    91 ||   165
         Whip              |       |     1 |   256 |   355 ||   612
  Evoke: Wand              |       |       |       |     6 ||     6
    Use: Scroll            |     1 |     6 |    14 |     3 ||    24
         Potion            |       |       |     8 |    14 ||    22
   Stab: Invisible         |       |       |       |     1 ||     1
 Armour: Scale mail        |    36 |    29 |       |       ||    65
         Chain mail        |       |    29 |   169 |    84 ||   282
         Plate armour      |       |       |       |   108 ||   108
         Skin              |       |       |       |     4 ||     4
  Dodge: Dodged            |    43 |    34 |   137 |   147 ||   361
  Block: Buckler           |    24 |    25 |   104 |    89 ||   242
